 Dungeon Crawl Stone Soup version 0.18-a0-1088-g34ef3a2 (webtiles) character file.

5610 lysy the Basher (level 10, -6/83 HPs)
             Began as an Ogre Hunter on Jan 15, 2016.
             Was an Elder of Okawaru.
             Mangled by a hill giant
             ... wielding a +0 giant club
              (16 damage)
             ... on level 11 of the Dungeon.
             The game lasted 00:39:08 (13798 turns).

lysy the Basher (Ogre Hunter)                      Turns: 13798, Time: 00:39:08

Health: -6/83      AC:  4    Str: 21    XL:     10   Next: 73%
Magic:  11/13      EV: 15    Int: 10    God:    Okawaru [****..]
Gold:   646        SH:  0    Dex: 11    Spells: 0 memorised, 9 levels left

rFire  + . .     SeeInvis .     y - +4 quarterstaff (chaos)
rCold  + . .     Gourm    .     R - +0 robe {rC+}
rNeg   . . .     Faith    .     (shield currently unavailable)
rPois  +         Spirit   .     (helmet restricted)
rElec  .         Dismiss  .     o - +1 cloak
rCorr  +         Reflect  .     (gloves unavailable)
SustAt .         Harm     .     (boots unavailable)
MR     ++...                    e - amulet of regeneration
Stlth  ++........               v - ring of resist corrosion
                                u - ring of protection from fire

@: heroism, heavily drained, very resistant to hostile enchantments, unstealthy
A: unfitting armour, deformed body, frail 2, magic resistance 1, poison
resistance, screaming 1, tough skin 1
a: Heroism, Renounce Religion


You were on level 11 of the Dungeon.
You worshipped Okawaru.
Okawaru was greatly pleased with you.
You were full.

You visited 2 branches of the dungeon, and saw 12 of its levels.

You collected 646 gold pieces.


Innate Abilities, Weirdness & Mutations

You are too large for most types of armour.
You have tough skin (AC +1).
Armour fits poorly on your strangely shaped body.
You are very frail (-20% HP).
You are resistant to hostile enchantments.
Your system is resistant to poisons.
You occasionally shout uncontrollably at your foes.


   Skills:
 - Level 8.3(11.6) Fighting
 + Level 12.4(15.6) Maces & Flails
 - Level 4.0(7.6) Throwing
 + Level 9.2(12.5) Dodging
 - Level 0.7(4.3) Stealth
 - Level 4.3(3.0) Invocations


You had 9 spell levels left.
You didn't know any spells.

Inventory:

Hand Weapons
 b - a +0 blowgun
 y - a +4 quarterstaff of chaos (weapon)
 N - a +1 giant spiked club
Missiles
 c - 7 large rocks {=f}
 m - 384 stones
 w - 51 poisoned needles
 L - 4 javelins
 Q - 2 steel javelins (quivered)
Armour
 o - a +1 cloak (worn)
 q - a +0 robe
 R - a +0 robe of cold resistance (worn)
Jewellery
 e - an amulet of regeneration (around neck)
 i - an uncursed amulet of guardian spirit
 r - an uncursed ring of fire
 u - a ring of protection from fire (left hand)
 v - a ring of resist corrosion (right hand)
 x - an uncursed amulet of guardian spirit
 z - an uncursed amulet of the gourmand
 T - an uncursed ring of poison resistance
Wands
 G - a wand of teleportation (5/9) {!d@v4}
 K - a wand of draining (8/15)
 O - a wand of paralysis (17/24)
Scrolls
 a - a scroll of fog
 d - 2 scrolls of immolation {!r}
 g - a scroll of enchant weapon
 n - 5 scrolls of remove curse
 t - 2 scrolls of identify {@r1}
 D - 2 scrolls of enchant armour
 I - a scroll of magic mapping
 M - a scroll of teleportation {@r4}
Potions
 h - a potion of cancellation
 l - 3 potions of curing {@q1}
 p - 2 potions of magic
 s - a potion of cure mutation
 A - 2 potions of agility
 B - a potion of resistance {unknown}
 C - a potion of flight
 E - 2 potions of ambrosia {!q}
 H - 2 potions of lignification {!q}
 J - 2 potions of brilliance
 P - a potion of berserk rage {unknown}
Books
 F - a book of Callings

   Spells                             Type                      Level
   a - Summon Small Mammal            Summoning                    1
   b - Call Imp                       Summoning                    2
   c - Call Canine Familiar           Summoning                    3
   d - Summon Guardian Golem          Hexes/Summoning              3
   e - Summon Lightning Spire         Summoning/Air                4
   f - Summon Ice Beast               Ice/Summoning                4
Comestibles
 f - 5 bread rations
 j - 8 fruits
 k - 5 meat rations

Dungeon Overview and Level Annotations

Branches:
Dungeon (11/15)            Temple (1/1) D:5
   Lair: D:8-11         Orc: D:9-12

Altars:
Ashenzari
Cheibriados
Dithmenos
Elyvilon
Fedhas
Gozag
Kikubaaqudgha
Nemelex Xobeh
Okawaru
Pakellas
Qazlal
Ru
Sif Muna
Trog
Vehumet
Xom
Yredelemnul
Zin

Shops:
D:6

}
...▒......▒.....▒....▒....▒
...▒......▒.....▒....▒....▒
...'......'.....'....▒....▒
...▒...)..▒.....▒....▒....▒
...▒..<)..▒.....▒....▒....▒
...▒..))..▒.....▒....▒....▒
▒▒▒▒+▒▒▒▒▒▒▒+▒▒'▒▒▒▒▒▒▒▒▒▒▒
▒.C(((((.. ▒.O.......
▒......... ▒.........
▒......... ▒.........
▒▒▒▒▒▒▒▒▒▒


You could see a hill giant.


Message History

The hill giant is heavily wounded.
Throwing (i - inventory. (,) - cycle):
Q - 5 steel javelins (quivered)
Aim: a hill giant, wielding a giant club (heavily wounded)
You throw a steel javelin. The steel javelin hits the hill giant.
The hill giant is heavily wounded.
Throwing (i - inventory. (,) - cycle):
Q - 4 steel javelins (quivered)
Aim: a hill giant, wielding a giant club (heavily wounded)
You throw a steel javelin. The steel javelin hits the hill giant!
The hill giant is severely wounded.
Throwing (i - inventory. (,) - cycle):
Q - 3 steel javelins (quivered)
Aim: a hill giant, wielding a giant club (severely wounded)
You throw a steel javelin. The steel javelin hits the hill giant.
The hill giant is severely wounded.
The hill giant hits you with a giant club!!!
The hill giant hits you with a giant club!
* * * LOW HITPOINT WARNING * * *
You barely miss the hill giant.
The hill giant is severely wounded.
The hill giant hits you with a giant club!
* * * LOW HITPOINT WARNING * * *
You hit the hill giant.
There is a sudden explosion of sparks!
The hill giant is almost dead.
The hill giant hits you with a giant club!!
* * * LOW HITPOINT WARNING * * *
Drink which item? (? for menu, Esc to quit)
You feel better.
You gain the combat prowess of a mighty hero.
You feel slightly less full.
The hill giant hits you with a giant club!
You die...

Action                   |  1- 3 |  4- 6 |  7- 9 | 10-12 || total
-------------------------+-------+-------+-------+-------++-------
Melee: Club              |   122 |   253 |    33 |       ||   408
       Short sword       |     9 |       |       |       ||     9
       Quarterstaff      |       |       |   267 |   245 ||   512
 Fire: Blowgun           |       |       |     4 |       ||     4
Throw: Stone             |    70 |    24 |     6 |       ||   100
       Large rock        |     2 |     4 |     6 |       ||    12
       Throwing net      |       |     3 |       |       ||     3
       Javelin           |       |       |    31 |    34 ||    65
Invok: Heroism           |       |       |     1 |     3 ||     4
  Use: Scroll            |       |     8 |    10 |     5 ||    23
       Potion            |       |     3 |     3 |     7 ||    13
 Stab: Sleeping          |       |     1 |       |       ||     1
       Confused          |       |       |     1 |     1 ||     2
       Paralysed         |       |       |     1 |     1 ||     2
       Petrifying        |       |       |       |     1 ||     1
       Petrified         |       |       |       |     1 ||     1
  Eat: Chunk             |     4 |    15 |     5 |     3 ||    27
       Fruit             |     1 |       |     9 |     7 ||    17
       Beef jerky        |       |     2 |       |       ||     2
       Pizza             |       |       |     2 |       ||     2

Vault maps used:
D:1:      dpeg_arrival_radiant
D:2:      minmay_joined_circles
D:3:      trog_three_pillars_becter, uniq_jessica, uniq_sigmund
D:4:      uniq_crazy_yiuf_cottage
D:5:      first_bread
D:6:      nemelex_xobeh_ov_fountains_minmay, old_standard_altar,
          lemuel_doored_altar, johnstein_pakellas_shop
D:8:      tgw_sif, elyvilon_altar_4, nicolae_overflow_hidden_temple,
          blue_anna_alchemist, grunt_ministairs_10
D:9:      lemuel_crystal_altar, kiku_gazebo_garden_becter,
          hangedman_decor_lopped
D:11:     dpeg_oklobed_lair, special_room, small_statue_alley_a
Temple:   triangle_lava_temple_12

Notes
Turn   | Place    | Note
--------------------------------------------------------------
     0 | D:1      | lysy the Ogre Hunter began the quest for the Orb.
     0 | D:1      | Reached XP level 1. HP: 22/22 MP: 1/1
   114 | D:1      | Reached skill level 1 in Maces & Flails
   445 | D:1      | Reached XP level 2. HP: 27/29 MP: 2/2
   547 | D:1      | Reached skill level 2 in Maces & Flails
  1527 | D:1      | Reached skill level 3 in Maces & Flails
  1623 | D:1      | Reached XP level 3. HP: 23/36 MP: 3/3
  2077 | D:2      | Reached skill level 4 in Maces & Flails
  2533 | D:2      | Reached XP level 4. HP: 41/44 MP: 4/4
  2986 | D:3      | Reached skill level 5 in Maces & Flails
  3252 | D:3      | Reached skill level 3 in Fighting
  3515 | D:3      | Reached XP level 5. HP: 45/53 MP: 5/5
  3566 | D:3      | Noticed Jessica
  3578 | D:3      | Killed Jessica
  3998 | D:3      | Noticed Sigmund
  4016 | D:3      | Killed Sigmund
  4016 | D:3      | Reached skill level 5 in Fighting
  4016 | D:3      | Reached skill level 6 in Maces & Flails
  4016 | D:3      | Reached XP level 6. HP: 20/66 MP: 6/6
  4530 | D:3      | Found a bloodstained altar of Trog.
  5275 | D:4      | Reached skill level 7 in Maces & Flails
  5442 | D:4      | Reached skill level 6 in Fighting
  5442 | D:4      | Reached XP level 7. HP: 52/75 MP: 7/7
  6302 | D:4      | Noticed Crazy Yiuf
  6307 | D:4      | Killed Crazy Yiuf
  6459 | D:5      | Entered Level 5 of the Dungeon
  6626 | D:5      | Reached skill level 7 in Fighting
  6626 | D:5      | Reached skill level 8 in Maces & Flails
  6775 | D:5      | Found a staircase to the Ecumenical Temple.
  6786 | Temple   | Entered the Ecumenical Temple
  6826 | Temple   | Became a worshipper of Warmaster Okawaru
  6859 | D:5      | Identified a wand of teleportation
  7273 | D:6      | Reached skill level 2 in Dodging
  7318 | D:6      | Reached XP level 8. HP: 56/87 MP: 8/8
  7445 | D:6      | Found an opulent altar of Gozag.
  7455 | D:6      | Reached skill level 9 in Maces & Flails
  7455 | D:6      | Reached skill level 3 in Dodging
  7535 | D:6      | Found a sparkling altar of Nemelex Xobeh.
  7731 | D:6      | Reached * piety under Okawaru
  7738 | D:6      | HP: 6/87 [wight/spear of piercing (4)]
  7973 | D:6      | Found a basalt altar of Yredelemnul.
  7985 | D:6      | Reached skill level 4 in Dodging
  8074 | D:6      | HP: 7/87 [ice beast (6)]
  8077 | D:6      | Reached skill level 10 in Maces & Flails
  8325 | D:6      | Found an oddly glowing altar of Pakellas.
  8325 | D:6      | Found Pakellas's Prime Provisions.
  8752 | D:7      | Reached skill level 5 in Dodging
  8752 | D:7      | Reached XP level 9. HP: 67/93 MP: 9/9
  8780 | D:7      | Reached ** piety under Okawaru
  8974 | D:7      | Reached skill level 6 in Dodging
 10070 | D:8      | Noticed a two-headed ogre
 10099 | D:8      | Reached skill level 7 in Dodging
 10276 | D:7      | Killed a two-headed ogre
 10444 | D:8      | Reached *** piety under Okawaru
 10514 | D:8      | Found a shadowy altar of Dithmenos.
 10589 | D:8      | Reached skill level 8 in Fighting
 10589 | D:8      | Reached skill level 8 in Dodging
 10758 | D:8      | Received a gift from Okawaru
 10833 | D:8      | Found a white marble altar of Elyvilon.
 10949 | D:8      | Reached XP level 10. HP: 72/104 MP: 10/10
 11069 | D:8      | Gained mutation: Your system is resistant to poisons. [mutagenic meat]
 11140 | D:8      | Found a deep blue altar of Sif Muna.
 11369 | D:9      | Reached skill level 11 in Maces & Flails
 11749 | D:9      | Found a stormy altar of Qazlal.
 11752 | D:9      | Found an ancient bone altar of Kikubaaqudgha.
 11803 | D:9      | Gained mutation: You are frail (-10% HP). [potion of mutation]
 11803 | D:9      | Gained mutation: You occasionally shout uncontrollably at your foes. [potion of mutation]
 11803 | D:9      | Gained mutation: You are very frail (-20% HP). [potion of mutation]
 11804 | D:9      | Gained mutation: Armour fits poorly on your strangely shaped body. [potion of mutation]
 11804 | D:9      | Gained mutation: You are resistant to hostile enchantments. [potion of mutation]
 11947 | D:9      | Reached skill level 1 in Invocations
 12015 | D:10     | Entered Level 10 of the Dungeon
 12132 | D:10     | Reached skill level 2 in Invocations
 12259 | D:10     | HP: 8/83 [orc priest/hand axe of freezing (3)]
 12405 | D:10     | Noticed a gargoyle
 12409 | D:10     | HP: 2/83 [wyvern (15)]
 12565 | D:9      | Reached skill level 3 in Invocations
 12576 | D:9      | HP: 8/83 [poisoned by a killer bee]
 12581 | D:9      | HP: 7/83 [poisoned by a killer bee]
 12586 | D:9      | HP: 7/83 [poisoned by a killer bee]
 12671 | D:9      | Reached **** piety under Okawaru
 12798 | D:9      | Reached skill level 12 in Maces & Flails
 12865 | D:10     | Killed a gargoyle
 12865 | D:10     | Reached skill level 4 in Invocations
 13234 | D:10     | Reached skill level 9 in Dodging
 13786 | D:11     | Noticed a hill giant
 13796 | D:11     | HP: 1/83 [hill giant/giant club (21)]
 13798 | D:11     | Mangled by a hill giant

Vanquished Creatures
  A gargoyle (D:10)
  A two-headed ogre (D:7)
  Sigmund (D:3)
  A wyvern (D:9)
  3 hippogriffs
  A mottled dragon (D:10)
  A phantom (D:10)
  3 ice beasts
  A sky beast (D:8)
  7 ogres
  5 centaurs
  A giant frog (D:8)
  5 big kobolds
  A wyvern skeleton (D:9)
  A scorpion (D:10)
  7 killer bees
  14 wights
  2 crimson imps
  2 giant frog zombies
  3 quasits
  6 orc priests
  2 hounds
  4 jellies
  Crazy Yiuf (D:4)
  A centaur skeleton (D:8)
  3 giant frog skeletons
  Jessica (D:3)
  4 iguanas
  9 orc wizards
  3 worker ants
  A sheep (D:6)
  A hound zombie (D:7)
  A hound skeleton (D:10)
  7 adders
  3 gnolls (D:3)
  3 adder skeletons
  4 worms
  5 giant geckos
  30 orcs
  14 bats
  4 giant cockroaches
  10 goblins
  7 hobgoblins
  10 jackals
  4 quokkas
  2 ball pythons
  A giant gecko zombie (D:5)
  5 giant newts
  22 kobolds
  A quokka zombie (D:7)
  14 rats
244 creatures vanquished.
